Workbook
Name _Hlk86829056: 'B4.C4'!#REF!

Sheet Intro
A1: How to use
A2: 1. save a copy of this checklist into your WIP. Do not amend this document (including deleting tabs) without doing this first as deleting tabs cannot be undone.
A3: 2. select what tabs you need to keep/delete based on the application type you are determining. See below for types
A4: 3. on each non-supporting documents tab select the application type on the filtered section, and hide the options
A5: 4. read each question and applicable drafting notes (in pink) carefully, as some of the questions have changed. Remember to delete the drafting notes before saving the final version to the DMS
A6: 5. the checklist will record the number of "no" answers on each tab and summarise them on the decisions and actions tab.
A7: 6. any "no" that is highlighted as red will trigger a returned application
A10: Type | B10: Drafting note | C10: Tabs
A11: New Bespoke Extractive Waste | B11: Select this for all new Tier 2 and Tier 3 bespoke mining waste permit applications. For standard rule mining waste permit applications use the standard rule permit option. | C11: Details Dates Doc and info check Part A Part F1 Part B1/C1 Part B2/C2 Part B5/C5 Decision and actions required Relevant supporting doc tab(s)
A12: New Bespoke Tier 2 | B12: Select this for all new Tier 2 bespoke applications, that are not mining waste. | C12: Details Dates Doc and info check Part A Part F1 Part B2/C2 Part B4/C4 Decision and actions required Relevant supporting doc tab(s)
A13: New Bespoke Tier 3 | B13: Select this for all new tier 3 bespoke applications, that are not mining waste. For bespoke application that also include standard rule activities, use the SRP option as well. | C13: Details Dates Doc and info check Part A Part F1 Part B1/C1 Part B2/C2 Part B4/C4 Decision and actions required Relevant supporting doc tab(s)
A14: SRP- New and Var | B14: Select this for all new standard rule applications, you can also use this option for variation applications to add OR to become a standard rule activity. These are separate columns on the Part B1.C1 tab, but a single column on all other tabs. For new standard rule applications that also include bespoke activities, use the bespoke T3 option as well. If the application is for SR2012 No15 then you should send a draft permit to the applicant and get them to review and confirm the PERMIT boundary. | C14: Details Dates Doc and info check Part A Part F1 Part B1/C1 Decision and actions required Relevant supporting doc tab(s)
A15: Variation Admin | B15: Select this for administrative variations only. Use the other variation options for all other variations, except those to vary to become/ add a standard rule set to an existing permit. For applications to vary to become/ add a standard rule set use the standard rule option. | C15: Details Dates Doc and info check Part A Part C0.5 Decision and actions required Relevant supporting doc tab(s)
A16: Variation MT and Normal | B16: Select this for all variation applications except those involving rule sets or administrative variations. If the application is to add or vary or to become a standard rule facility, and other changes, use the SRP option as well. | C16: Details Dates Doc and info check Part A Part F1 Part B1/C1 Part B2/C2 Part B4/C4 Decision and actions required Relevant supporting doc tab(s)
A17: Variation MT- SRP | B17: Select this for Minor Technical variations to increase the permitted area of Standard Rules Permits only. These were previously administrative but now chargeable. | C17: Details Dates Doc and info check Part A Part F1 Part C0.5 Decision and actions required Relevant supporting doc tab(s)
A18: Transfer | B18: Select this for all transfer applications – both full and partial. | C18: Details Dates Doc and info check Part A Part F1 Part D2 Decision and actions required Relevant supporting doc tab(s)
A19: Surrender- Site | B19: Select this for all waste facility and non-installation mining waste activity surrender applications. The checklist can be used for all types of surrender application; full (normal), partial, low risk, basic and ‘non-operational’. Do not use this option for surrender of mobile plant permits. Use the mobile plant permit surrender notification option instead. | C19: Details Dates Doc and info check Part A Part F1 Part E2 Decision and actions required Relevant supporting doc tab(s)
A20: Surrender Mobile Plant | B20: Select this for all waste mobile plant permit surrender notifications. Do not use this checklist for surrender of site based waste permits. Surrender of site based permits must follow the application process; their surrender cannot be carried out by notification. Use the surrender-site option instead. | C20: Details Dates Doc and info check Part A Part F1 Part E2 Decision and actions required Relevant supporting doc tab(s)

Sheet Details & Dates
A1: Application details
A2: PAN reference | B2: PAN-021479
A3: EPR reference | B3: N/A
A4: Applicant name | B4: Kier Services Limited
A5: Facility name | B5: Pyle Community Recycling Centre
A6: Area | B6: South West
A7: Operations Team | B7: South West
A8: Site officer/team leader | B8: Elaine Gunstone
A9: Total time recording | B9: 2250
A11: Relevant dates | C11: New Bespoke Extractive Waste | D11: New Bespoke Tier 2 | E11: New Bespoke Tier 3 | F11: SRP- New or Var | G11: Variation Admin | H11: Variation MT and Normal | I11: Variation MT- SRP | J11: Transfer | K11: Surrender- Site | L11: Surrender MP
A12: Date application arrived in NRW | B12: 45009 | C12: Y | D12: Y | E12: Y | F12: Y | G12: Y | H12: Y | I12: Y | J12: Y | K12: Y | L12: Y
A13: Date application acknowledged | B13: 45014 | C13: Y | D13: Y | E13: Y | F13: Y | G13: Y | H13: Y | I13: Y | J13: Y | K13: Y | L13: Y
A14: Date not duly made (information request sent) | B14: 45114 | C14: Y | D14: Y | E14: Y | F14: Y | G14: Y | H14: Y | I14: Y | J14: Y | K14: Y | L14: Y
A15: Date of any additional not duly made requests | B15: 45140 | C15: Y | D15: Y | E15: Y | F15: Y | G15: Y | H15: Y | I15: Y | J15: Y | K15: Y | L15: Y
A16: Date duly made The duly made date is either (i) the date the application was originally received at Natural Resources Wales in the event of no additional information being requested during the duly make process. OR (ii) the date at which the final piece of additional information requested during the duly make process is received | B16: 45154 | C16: Y | D16: Y | E16: Y | F16: Y | G16: Y | H16: Y | I16: Y | J16: Y | K16: Y | L16: Y
A17: Date returned to applicant or deemed withdrawn | B17: N/A | C17: Y | D17: Y | E17: Y | F17: Y | G17: Y | H17: Y | I17: Y | J17: Y | K17: Y | L17: Y
A18: Date applicant sent duly made confirmation | B18: 45163 | C18: Y | D18: Y | E18: Y | F18: Y | G18: Y | H18: Y | I18: Y | J18: Y | K18: Y | L18: Y
A19: Date sent to external consultees (if applicable) | B19: 45170 | C19: Y | D19: N | E19: Y | F19: N | G19: N | H19: Y | I19: Y | J19: N | K19: Y | L19: N
A20: Date application publicised on Website | B20: 45167 | C20: N | D20: N | E20: Y | F20: N | G20: N | H20: Y | I20: Y | J20: N | K20: Y | L20: N
A21: Date advert placed in newspaper (if applicable) | B21: N/A | C21: N | D21: N | E21: Y | F21: N | G21: N | H21: Y | I21: Y | J21: N | K21: Y | L21: N
A22: Date application publicised on Natural Resources Wales Website and on Social Media (Twitter and Facebook Page) | C22: Y | D22: N | E22: N | F22: N | G22: N | H22: N | I22: N | J22: N | K22: N | L22: N
A23: Date advert placed in newspaper (if applicable) | C23: Y | D23: N | E23: N | F23: N | G23: N | H23: N | I23: N | J23: N | K23: N | L23: N
A24: Date email sent to MP’s /AM’s (if required and agreed by the Area) | C24: Y | D24: N | E24: N | F24: N | G24: N | H24: N | I24: N | J24: N | K24: N | L24: N

Sheet Doc's & info
A1: Documents and information checklist: | D1: New Bespoke Extractive Waste | E1: New Bespoke Tier 2 | F1: New Bespoke Tier 3 | G1: SRP- New or Var | H1: Variation Admin | I1: Variation MT and Normal | J1: Variation MT- SRP | K1: Transfer | L1: Surrender- Site | M1: Surrender Mobile Plant
B2: Yes/No/NA | C2: Comments | D2: Y | E2: Y | F2: Y | G2: Y | H2: Y | I2: Y | J2: Y | K2: Y | L2: Y | M2: Y
A3: Environment Management System summary | B3: Yes | D3: Y | E3: N | F3: Y | G3: N | H3: Y | I3: Y | J3: N | K3: Y | L3: N | M3: N | O3: Yes
A4: Non technical summary | B4: Yes | D4: Y | E4: N | F4: Y | G4: N | H4: Y | I4: Y | J4: N | K4: Y | L4: Y | M4: N | O4: No
A5: Site plan | B5: Yes | D5: Y | E5: Y | F5: Y | G5: Y | H5: Y | I5: Y | J5: Y | K5: Y | L5: Y | M5: N | O5: N/A
A6: Site specific risk assessment | B6: Yes | D6: Y | E6: Y | F6: Y | G6: N | H6: N | I6: Y | J6: N | K6: Y | L6: N | M6: N
A7: Site condition report | B7: Yes | C7: Date of application incorrect as has been resubmitted - will need updating | D7: Y | E7: N | F7: Y | G7: N | H7: N | I7: Y | J7: N | K7: N | L7: N | M7: N
A8: Odour management plan | B8: Yes | D8: Y | E8: N | F8: Y | G8: N | H8: N | I8: Y | J8: N | K8: Y | L8: N | M8: N
A9: Waste Recovery Plan | B9: N/A | D9: N | E9: N | F9: Y | G9: Y | H9: N | I9: Y | J9: N | K9: N | L9: N | M9: N
A10: Fire prevention mitigation plan | B10: Yes | D10: N | E10: N | F10: Y | G10: N | H10: N | I10: Y | J10: N | K10: N | L10: N | M10: N
A11: Noise impact assessment and management plan | B11: N/A | C11: Screening assessment completed: NIA and NMP not required | D11: N | E11: N | F11: Y | G11: N | H11: N | I11: Y | J11: N | K11: N | L11: N | M11: N
A12: Waste Management Plan | C12: Part Transfer: Only needed if the new holder isn’t/ can’t use the existing management system. | D12: Y | E12: N | F12: N | G12: N | H12: N | I12: N | J12: N | K12: N | L12: N | M12: N
A13: Other management plans | B13: No | C13: Missing a pest plan | D13: Y | E13: N | F13: Y | G13: N | H13: N | I13: Y | J13: N | K13: Y | L13: N | M13: N
A14: Technical competence information Including continuing competence evidence, if needed | B14: Yes | D14: Y | E14: Y | F14: Y | G14: Y | H14: N | I14: Y | J14: N | K14: Y | L14: N | M14: N
A15: Financial information | B15: N/A | C15: Applicant has not indicated bankruptcy or insolvency | D15: N | E15: Y | F15: Y | G15: Y | H15: N | I15: Y | J15: N | K15: N | L15: N | M15: N
A16: Financial Provision information | B16: N/A | D16: Y | E16: N | F16: Y | G16: N | H16: N | I16: Y | J16: N | K16: Y | L16: N | M16: N
A17: Relevant conviction information | B17: Yes | C17: No relevant convictions declared. | D17: Y | E17: Y | F17: Y | G17: N | H17: N | I17: N | J17: N | K17: N | L17: N | M17: N
A18: OPRA spreadsheet (electronic format) | B18: Yes | D18: Y | E18: N | F18: Y | G18: N | H18: N | I18: Y | J18: N | K18: Y | L18: Y | M18: N
A19: Fee | B19: Yes | C19: Transaction ref: 2104627 Date: 12/08/2022 Reference: BS/120822/19 Rennis Pyle Comm Recycling WPCC12231/1 Amount: 4,112.50 Transaction ref: 2104628 Date: 12/08/2022 Reference: BS/120822/19 Rennis Pyle Comm Recycling WPCC12231/2 Amount: 4,112.50 Transaction ref: 2113925 Date: 11/04/2023 Reference: BS/110423/30/WPCC13103A PYLE COMMUNITY RECYCLING CENTRE Amount: 350.00 | D19: Y | E19: Y | F19: Y | G19: Y | H19: N | I19: Y | J19: Y | K19: Y | L19: Y | M19: Y
A20: Industrial Emissions Directive (IED) Activity Is the activity/ies that the applicant has applied for subject to the Industrial Emissions Directive? These activities include: - Pre-treatment of waste for incineration and co-incineration - Storage of hazardous waste - Biological treatment of waste (i.e. composting and anaerobic digestion) - Treatment of slags and ashes - Treatment of metal in shredders | B20: N/A | D20: N | E20: N | F20: Y | G20: N | H20: N | I20: Y | J20: N | K20: N | L20: N | M20: N
A21: If it is an IED activity, has the applicant provided information to demonstrate how they will comply with the relevant limits and therefore be able to remain as a waste facility? | B21: N/A | D21: N | E21: N | F21: Y | G21: N | H21: N | I21: Y | J21: N | K21: N | L21: N | M21: N
A22: Evidence to support basic surrender | C22: Surrender- site: only if operator claiming basic surrender | D22: N | E22: N | F22: N | G22: N | H22: N | I22: N | J22: N | K22: N | L22: Y | M22: N
A23: Evidence to support low risk surrender | C23: Surrender- site: only if operator claiming low risk surrender | D23: N | E23: N | F23: N | G23: N | H23: N | I23: N | J23: N | K23: N | L23: Y | M23: N
A24: Evidence to support non-operational surrender | C24: Surrender- site: only if operator claims activities haven’t started | D24: N | E24: N | F24: N | G24: N | H24: N | I24: N | J24: N | K24: N | L24: Y | M24: N
A25: Evidence to support full/normal surrender | C25: Surrender- site: only if operator claiming full/normal i.e. has reference data been submitted) | D25: N | E25: N | F25: N | G25: N | H25: N | I25: N | J25: N | K25: N | L25: Y | M25: N
A26: Site closure/ surrender report | C26: Surrender- site: The content of this report should enable us to confirm the area being surrendered matches the relevant permitted area. | D26: N | E26: N | F26: N | G26: N | H26: N | I26: N | J26: N | K26: N | L26: Y | M26: N
A27: Report on ‘steps taken to avoid pollution/ return the site to satisfactory sate’. | D27: N | E27: N | F27: N | G27: N | H27: N | I27: N | J27: N | K27: N | L27: Y | M27: N
A28: Site plan showing area being surrendered | D28: N | E28: N | F28: N | G28: N | H28: N | I28: N | J28: N | K28: N | L28: Y | M28: N
A29: Parts C1/ C2 &C4 of our application form(s) | C29: Surrender- site- part: Only where the part surrender will require changes to the permit conditions – not just the site plan. | D29: N | E29: N | F29: N | G29: N | H29: N | I29: N | J29: N | K29: N | L29: Y | M29: N
A30: Appropriate forms submitted to the WR or WQ teams? | D30: Y | E30: N | F30: N | G30: N | H30: N | I30: N | J30: N | K30: N | L30: N | M30: N
A31: Has geoscience made any comment on the WQ/WR forms that may be considered in determination? | D31: Y | E31: N | F31: N | G31: N | H31: N | I31: N | J31: N | K31: N | L31: N | M31: N
A32: Percentage of required documents missing | B32: =(100*(COUNTIF(B3:B31,"No"))/((COUNTIF(B3:B31,"Yes"))+(COUNTIF(B3:B31,"No")))) -> 8.3333333 | C32: Where over 25% of responses are no, the application is regarded as incomplete | D32: Y | E32: Y | F32: Y | G32: Y | H32: Y | I32: Y | J32: Y | K32: Y | L32: Y | M32: Y

Sheet A
A1: Application form Part A – applicant/ operator details
A2: Qu # | B2: Action | C2: Yes/No/NA | D2: Comments | F2: Yes
A3: 1 to 5 | B3: Applicant details complete? | C3: Yes | F3: No
A4: 6 | B4: Address details complete? | C4: Yes | F4: N/A
A5: 6 | B5: Registered companies only. Is it registered and active on Companies House? | C5: Yes | D5: Date checked: 12/06/2023
A6: 6 | B6: If an existing permit, does the site and company address(es) match the current permit? | C6: N/A
A7: 7 | B7: Contact details complete? | C7: Yes
B8: Is the applicant a legal person as per definition of ‘operator’? | C8: Yes
B9: Percentage of form incomplete | C9: =(100*(COUNTIF(C3:C8,"No"))/((COUNTIF(C3:C8,"Yes"))+(COUNTIF(C3:C8,"No")))) -> 0 | D9: Where over 25% of responses are no, the form is regarded as incomplete

Sheet F1
A1: Application form Part F1 - Initial checks, including payment, confidentiality, national security and declaration | E1: New Bespoke Extractive Waste | F1: New Bespoke Tier 2 | G1: New Bespoke Tier 3 | H1: SRP- New or Var | I1: Variation Admin | J1: Variation MT and Normal | K1: Variation MT- SRP | L1: Transfer | M1: Surrender- Site | N1: Surrender Mobile Plant
A2: Qu # | B2: Action | C2: Yes/No/NA | D2: Comments | E2: Y | F2: Y | G2: Y | H2: Y | I2: N | J2: Y | K2: Y | L2: Y | M2: Y | N2: Y
A3: 1 | B3: Table 1 Complete? | C3: Yes | E3: Y | F3: Y | G3: Y | H3: Y | I3: N | J3: Y | K3: Y | L3: Y | M3: Y | N3: Y | P3: Yes
A4: 1 | B4: Has the correct application type/ fee been identified? | C4: Yes | E4: Y | F4: Y | G4: Y | H4: Y | I4: N | J4: Y | K4: Y | L4: Y | M4: Y | N4: Y | P4: No
A5: 2 | B5: Has the OPRA profile been provided? | C5: Yes | E5: Y | F5: Y | G5: Y | H5: Y | I5: N | J5: Y | K5: N | L5: Y | M5: Y | N5: Y | P5: N/A
A6: 2 | B6: Has the OPRA profile been provided on Excel? | C6: Yes | E6: Y | F6: Y | G6: Y | H6: Y | I6: N | J6: Y | K6: N | L6: Y | M6: Y | N6: Y
A7: 3 | B7: Is the payment type shown? | C7: Yes | E7: Y | F7: Y | G7: Y | H7: Y | I7: N | J7: Y | K7: Y | L7: Y | M7: Y | N7: Y
A8: 3 | B8: Have the payment details been completed? | C8: Yes | E8: Y | F8: Y | G8: Y | H8: Y | I8: N | J8: Y | K8: Y | L8: Y | M8: Y | N8: Y
A9: 3 | B9: Is the payment on MyNRW? | C9: Yes | E9: Y | F9: Y | G9: Y | H9: Y | I9: N | J9: Y | K9: Y | L9: Y | M9: Y | N9: Y
A10: 3 | B10: Is the fee correct? | C10: Yes | E10: Y | F10: Y | G10: Y | H10: Y | I10: N | J10: Y | K10: Y | L10: Y | M10: Y | N10: Y
A11: 5 | B11: Confidentiality: If the applicant has asked information to be treated as confidential, has the required evidence been provided? | C11: N/A | E11: Y | F11: Y | G11: Y | H11: Y | I11: N | J11: Y | K11: Y | L11: Y | M11: Y | N11: Y
A12: 5 | B12: National Security: If the applicant has stated information should not be on the public register due to National Security risk, has the letter from the Welsh Ministers confirming this been provided? | C12: N/A | E12: Y | F12: Y | G12: Y | H12: Y | I12: N | J12: Y | K12: Y | L12: Y | M12: Y | N12: Y
A13: 6 | B13: Box been ticked to show correct fee is included? | C13: Yes | E13: Y | F13: Y | G13: Y | H13: Y | I13: N | J13: Y | K13: Y | L13: Y | M13: Y | N13: Y
B14: Is the application checklist complete? | C14: Yes | D14: Document Reference "Kier Application Checklist" | E14: Y | F14: Y | G14: Y | H14: Y | I14: N | J14: Y | K14: Y | L14: Y | M14: Y | N14: Y
A15: 7a | B15: If not a relevant person; is box ticked to confirm authorisation is given? | C15: N/A | E15: Y | F15: Y | G15: Y | H15: Y | I15: N | J15: Y | K15: Y | L15: Y | M15: Y | N15: Y
A16: 7b | B16: If the application a standard facility; is box ticked to confirm SRP criteria is met? | C16: N/A | E16: Y | F16: Y | G16: Y | H16: Y | I16: N | J16: Y | K16: Y | L16: Y | M16: Y | N16: Y
A17: 7c | B17: If application includes ecological survey information; is box ticked to confirm it can be used as set out in guidance | C17: Yes | E17: Y | F17: Y | G17: Y | H17: Y | I17: N | J17: Y | K17: Y | L17: Y | M17: Y | N17: Y
A18: 7d | B18: Is the declaration complete? | C18: Yes | E18: Y | F18: Y | G18: Y | H18: Y | I18: N | J18: Y | K18: Y | L18: Y | M18: Y | N18: Y
A19: 7d | B19: Has the correct person completed the declaration? | C19: Yes | E19: Y | F19: Y | G19: Y | H19: Y | I19: N | J19: Y | K19: Y | L19: Y | M19: Y | N19: Y
B20: Percentage of form incomplete | C20: =(100*(COUNTIF(C3:C19,"No"))/((COUNTIF(C3:C19,"Yes"))+(COUNTIF(C3:C19,"No")))) -> 0 | D20: Where over 25% of responses are no, the form is regarded as incomplete | E20: Y | F20: Y | G20: Y | H20: Y | I20: N | J20: Y | K20: Y | L20: Y | M20: Y | N20: Y

Sheet B2.C2
A1: Application form Part B2 – all new bespoke Application form Part C2 – bespoke variation | E1: New Bespoke Extractive Waste | F1: New Bespoke Tier 2 | G1: New Bespoke Tier 3 | H1: SRP- New or Var | I1: Variation Admin | J1: Variation MT and Normal | K1: Variation MT- SRP | L1: Transfer | M1: Surrender- Site | N1: Surrender Mobile Plant
A2: Qu # | B2: Action | C2: Yes/No/NA | D2: Comments and Document Ref. if given | E2: Y | F2: Y | G2: Y | H2: N | I2: N | J2: Y | K2: N | L2: N | M2: N | N2: N | P2: Yes
A3: 1a | B3: Has the pre-application advice question been answered (references/documents given)? | C3: Yes | D3: PAN-018903 | E3: Y | F3: Y | G3: Y | H3: N | I3: N | J3: Y | K3: N | L3: N | M3: N | N3: N | P3: No
B4: Pre-application record found in DMS? | C4: Yes | D4: Most recent application to NRW for this site. | E4: Y | F4: Y | G4: Y | H4: N | I4: N | J4: Y | K4: N | L4: N | M4: N | N4: N | P4: N/A
A5: 1b | B5: Option ‘site’ or 'mobile plant' selected? | C5: No | D5: Not queried, clearly a site permit | E5: Y | F5: Y | G5: Y | H5: N | I5: N | J5: N | K5: N | L5: N | M5: N | N5: N
A6: 1c | B6: If indicated activity is mobile plant, have we agreed the activity is mobile plant? | C6: N/A | E6: N | F6: N | G6: Y | H6: N | I6: N | J6: N | K6: N | L6: N | M6: N | N6: N
A7: 1d | B7: If there has been changes to this agreement, has a change document been provided? | C7: N/A | E7: N | F7: N | G7: Y | H7: N | I7: N | J7: N | K7: N | L7: N | M7: N | N7: N
A8: 1b | B8: Permit number given | E8: N | F8: N | G8: N | H8: N | I8: N | J8: Y | K8: N | L8: N | M8: N | N8: N
A9: 1c | B9: Site name and address complete? | E9: N | F9: N | G9: N | H9: N | I9: N | J9: Y | K9: N | L9: N | M9: N | N9: N
A10: 2a | B10: Site name, address and grid reference complete? | C10: Yes | E10: Y | F10: Y | G10: Y | H10: N | I10: N | J10: N | K10: N | L10: N | M10: N | N10: N
A11: 2b | B11: Is the number of regulated facilities given? | C11: Yes | D11: One | E11: Y | F11: Y | G11: Y | H11: N | I11: N | J11: N | K11: N | L11: N | M11: N | N11: N
A12: 2c | B12: If one facility only: has the correct operation type been selected? | C12: Yes | E12: Y | F12: Y | G12: Y | H12: N | I12: N | J12: N | K12: N | L12: N | M12: N | N12: N
A13: 2c1-2c4 | B13: Has the relevant question been answered? | C13: Yes | E13: Y | F13: Y | G13: Y | H13: N | I13: N | J13: N | K13: N | L13: N | M13: N | N13: N
A14: 2d | B14: If more than one facility: has the correct operation type been selected? | C14: N/A | E14: Y | F14: Y | G14: Y | H14: N | I14: N | J14: N | K14: N | L14: N | M14: N | N14: N
A15: 2d1- 2d4 | B15: Has the relevant question been answered for each facility? | C15: N/A | E15: Y | F15: Y | G15: Y | H15: N | I15: N | J15: N | K15: N | L15: N | M15: N | N15: N
A16: 2f | B16: Has the question (treating batteries) been answered? | C16: Yes | D16: Not treating batteries | E16: Y | F16: Y | G16: Y | H16: N | I16: N | J16: N | K16: N | L16: N | M16: N | N16: N
A17: 2f | B17: If yes, is a document provided? | C17: N/A | E17: Y | F17: Y | G17: Y | H17: N | I17: N | J17: N | K17: N | L17: N | M17: N | N17: N
A18: 2a | B18: Variation type picked? | D18: For Variations see Part B4.C4 tab for the additional checks to check variation ‘type’ | E18: N | F18: N | G18: N | H18: N | I18: N | J18: Y | K18: N | L18: N | M18: N | N18: N
A19: 2b | B19: Table 1 OR non-technical summary completed for the changes? | E19: N | F19: N | G19: N | H19: N | I19: N | J19: Y | K19: N | L19: N | M19: N | N19: N
A20: 2c1 | B20: Has the question (modern/consolidated permit) been answered? | E20: N | F20: N | G20: N | H20: N | I20: N | J20: Y | K20: N | L20: N | M20: N | N20: N
A21: 2c2 | B21: Multi-permit consolidations only Are all of the permit numbers listed in Table 2? | E21: N | F21: N | G21: N | H21: N | I21: N | J21: Y | K21: N | L21: N | M21: N | N21: N
A22: 2e | B22: Has the question (treating batteries) been answered? | E22: N | F22: N | G22: N | H22: N | I22: N | J22: Y | K22: N | L22: N | M22: N | N22: N
A23: 2e | B23: If answered yes; document reference provided? | E23: N | F23: N | G23: N | H23: N | I23: N | J23: Y | K23: N | L23: N | M23: N | N23: N
A24: 3a | B24: Relevant offences Relevant offences question complete? | C24: Yes | D24: None declared. | E24: Y | F24: Y | G24: Y | H24: N | I24: N | J24: Y | K24: N | L24: N | M24: N | N24: N
A25: 3a | B25: If answered "yes", has relevant convictions information provided? | C25: N/A | E25: Y | F25: Y | G25: Y | H25: N | I25: N | J25: Y | K25: N | L25: N | M25: N | N25: N
A26: 3b1 | B26: Technical ability Has a Scheme option been selected? | C26: Yes | D26: WAMITAB | E26: Y | F26: Y | G26: Y | H26: N | I26: N | J26: Y | K26: N | L26: N | M26: N | N26: N
A27: 3b2 | B27: If yes; have they ticked to say they have included all certificates, and provided them? | C27: Yes | E27: Y | F27: Y | G27: Y | H27: N | I27: N | J27: Y | K27: N | L27: N | M27: N | N27: N
A28: 3b2 | B28: If no; have they ticked to say they have included registration evidence, and provided them? | C28: N/A | E28: Y | F28: Y | G28: Y | H28: N | I28: N | J28: Y | K28: N | L28: N | M28: N | N28: N
A29: 3c | B29: Financial information Financial info complete? | C29: Yes | D29: No current or past bankruptcy or insolvency declared. | E29: Y | F29: Y | G29: Y | H29: N | I29: N | J29: Y | K29: N | L29: N | M29: N | N29: N
A30: 3c | B30: Has the applicant indicated that they are financially sound, i.e. do not need to provide financial provision for the activity? | C30: N/A | E30: Y | F30: Y | G30: Y | H30: N | I30: N | J30: Y | K30: N | L30: N | M30: N | N30: N
A31: 3d1 | B31: Management system Have they confirmed the management system meets our guidance? | C31: Yes | E31: Y | F31: Y | G31: Y | H31: N | I31: N | J31: Y | K31: N | L31: N | M31: N | N31: N
A32: 3d2 | B32: Have they selected a type of management system? | C32: Yes | D32: ISO 14001 | E32: Y | F32: Y | G32: Y | H32: N | I32: N | J32: Y | K32: N | L32: N | M32: N | N32: N
A33: 3d3 | B33: Have they provided the summary of the management system? | C33: Yes | D33: "EMS Summmary Pyle Communicy Recycling Centre; SHEMS-STD-GR-003" | E33: Y | F33: Y | G33: Y | H33: N | I33: N | J33: Y | K33: N | L33: N | M33: N | N33: N
A34: 4a | B34: Sewer question answered? | C34: Yes | E34: Y | F34: Y | G34: Y | H34: N | I34: N | J34: Y | K34: N | L34: N | M34: N | N34: N
A35: 4a | B35: If yes, is a sewerage undertaker named? | C35: Yes | D35: DCWW | E35: Y | F35: Y | G35: Y | H35: N | I35: N | J35: Y | K35: N | L35: N | M35: N | N35: N
A36: 4b | B36: Harbour authority question answered? | C36: Yes | D36: No releases to harbour. | E36: Y | F36: Y | G36: Y | H36: N | I36: N | J36: Y | K36: N | L36: N | M36: N | N36: N
A37: 4b | B37: If yes, is a harbour authority named? | C37: N/A | E37: Y | F37: Y | G37: Y | H37: N | I37: N | J37: Y | K37: N | L37: N | M37: N | N37: N
A38: 4c | B38: Fisheries question answered? | C38: Yes | D38: No releases to local fishery waters. | E38: Y | F38: Y | G38: Y | H38: N | I38: N | J38: Y | K38: N | L38: N | M38: N | N38: N
A39: 4c | B39: If yes, is a fisheries committee named? | C39: N/A | E39: Y | F39: Y | G39: Y | H39: N | I39: N | J39: Y | K39: N | L39: N | M39: N | N39: N
A40: 4e | B40: Has the question (medium combustion plant or specified generator located within an Air Quality Management Area (AQMA)) been answered? | C40: Yes | D40: Not within AQMA | E40: N | F40: Y | G40: Y | H40: N | I40: N | J40: N | K40: N | L40: N | M40: N | N40: N
A41: 5a | B41: Site plan provided? | C41: Yes | D41: No reference given. | E41: Y | F41: Y | G41: Y | H41: N | I41: N | J41: Y | K41: N | L41: N | M41: N | N41: N
A42: 5b | B42: Site condition report provided? | C42: Yes | D42: "SCR_Pyle.pdf; Ground Investigation Report; Land Qualiy Assessment P20241_R1 Ryle CRC.pdf" | E42: Y | F42: Y | G42: Y | H42: N | I42: N | J42: N | K42: N | L42: N | M42: N | N42: N
A43: 5b | B43: If increasing permitted area has a site condition report been provided? | D43: This should not be needed for a MT var | E43: N | F43: N | G43: N | H43: N | I43: N | J43: Y | K43: N | L43: N | M43: N | N43: N
A44: 5c | B44: Non-technical summary provided? | C44: Yes | D44: "Non technical Summary" | E44: Y | F44: Y | G44: Y | H44: N | I44: N | J44: N | K44: N | L44: N | M44: N | N44: N
A45: 6 | B45: Risk assessment provided? | C45: Yes | D45: "H1Tool_2.78.mdb; Environmental Risk Assessment". Have also provided screenshots of the results of the tool. | E45: Y | F45: Y | G45: Y | H45: N | I45: N | J45: Y | K45: N | L45: N | M45: N | N45: N
B46: Percentage of form incomplete | C46: =(100*(COUNTIF(C3:C45,"No"))/((COUNTIF(C3:C45,"Yes"))+(COUNTIF(C3:C45,"No")))) -> 4.1666667 | D46: Where over 25% of responses are no, the form is regarded as incomplete | E46: Y | F46: Y | G46: Y | H46: N | I46: N | J46: Y | K46: N | L46: N | M46: N | N46: N

Sheet B4.C4
A1: Application form Part B4 – new bespoke waste operation Application form Part C4 – bespoke variation waste operation | E1: New Bespoke Extractive Waste | F1: New Bespoke Tier 2 | G1: New Bespoke Tier 3 | H1: SRP- New or Var | I1: Variation Admin | J1: Variation MT and Normal | K1: Variation MT- SRP | L1: Transfer | M1: Surrender- Site | N1: Surrender Mobile Plant
A2: Qu # | B2: Action | C2: Yes/No/NA | D2: Comments and Document Ref. if given | E2: N | F2: Y | G2: Y | H2: N | I2: N | J2: Y | K2: N | L2: N | M2: N | N2: N
A3: 1a | B3: Has all sections of the completed? And document provided if needed? | C3: Yes | E3: N | F3: Y | G3: Y | H3: N | I3: N | J3: Y | K3: N | L3: N | M3: N | N3: N | P3: Yes
A4: " | B4: Waste types listed? | C4: Yes | D4: "Low Waste Types" | E4: N | F4: Y | G4: Y | H4: N | I4: N | J4: Y | K4: N | L4: N | M4: N | N4: N | P4: No
A5: 1c1 | B5: Has the question (deposit for recovery activity) been answered? | C5: Yes | D5: The activity is confirmed to not be deposit for recovery | E5: N | F5: Y | G5: Y | H5: N | I5: N | J5: Y | K5: N | L5: N | M5: N | N5: N | P5: N/A
A6: 1c2 | B6: Have we confirmed it is recovery? | C6: N/A | E6: N | F6: Y | G6: Y | H6: N | I6: N | J6: Y | K6: N | L6: N | M6: N | N6: N
A7: 1c3 | B7: Has there been any changes since we agreed it was recovery? | C7: N/A | E7: N | F7: Y | G7: Y | H7: N | I7: N | J7: Y | K7: N | L7: N | M7: N | N7: N
A8: 1c4 | B8: Has a reference for the waste recovery plan been provided? | C8: N/A | E8: N | F8: Y | G8: Y | H8: N | I8: N | J8: Y | K8: N | L8: N | M8: N | N8: N
A9: 2 | B9: Emissions to air, water and land Table 2 completed for each activity listed in Table 1a? | C9: Yes | D9: "402.00798.00029.03.010.CO Proposed Site Drainage" | E9: N | F9: Y | G9: Y | H9: N | I9: N | J9: Y | K9: N | L9: N | M9: N | N9: N
B10: Point source emission to air | C10: N/A | E10: N | F10: Y | G10: Y | H10: N | I10: N | J10: Y | K10: N | L10: N | M10: N | N10: N
B11: Point source emission to water (other than sewers) | C11: Yes | E11: N | F11: Y | G11: Y | H11: N | I11: N | J11: Y | K11: N | L11: N | M11: N | N11: N
B12: Point source emission to sewers, effluent treatment plants or other transfer off site | C12: Yes | E12: N | F12: Y | G12: Y | H12: N | I12: N | J12: Y | K12: N | L12: N | M12: N | N12: N
B13: Point source emission to land | C13: N/A | E13: N | F13: Y | G13: Y | H13: N | I13: N | J13: Y | K13: N | L13: N | M13: N | N13: N
A14: 3a | B14: Technical standards Information complete for each activity listed in Table 1a? | C14: Yes | E14: N | F14: Y | G14: Y | H14: N | I14: N | J14: Y | K14: N | L14: N | M14: N | N14: N
B15: Has a document been provided if needed? | C15: Yes | E15: N | F15: Y | G15: Y | H15: N | I15: N | J15: Y | K15: N | L15: N | M15: N | N15: N
A16: 3b | B16: General requirements information complete for each activity listed? - fugitive emissions - noise - odour - fire - pests (not listed separately on application form) | C16: Yes | D16: Documents referenced: Odour - "Kier Working Plan Pyle CRC" Noise and vibration - "Kier Working Plan Pyle CRC" Fire - "Fire Management Plan" and "Kier Working Plan Pyle CRC" | E16: N | F16: Y | G16: Y | H16: N | I16: N | J16: Y | K16: N | L16: N | M16: N | N16: N
B17: Fugitive emissions: If the site falls within the scope of the following Environment Agency's Control and monitor emissions for your environmental permit guidance (dust section), has a DEMP been provided? | C17: N/A | E17: N | F17: Y | G17: Y | H17: N | I17: N | J17: Y | K17: N | L17: N | M17: N | N17: N
B18: Odour: a) If the site is undertaking an activity for 'which odour is a key issue' as outlined in 'how to comply with your environmental permit' guidance, has an OMP been provided? | C18: Yes | E18: N | F18: Y | G18: Y | H18: N | I18: N | J18: Y | K18: N | L18: N | M18: N | N18: N
B19: Odour: b) If the site's risk assessment has highlighted there is a risk of odour from this activity, has an OMP been provided? | C19: Yes | E19: N | F19: Y | G19: Y | H19: N | I19: N | J19: Y | K19: N | L19: N | M19: N | N19: N
B20: Odour: c) If variation, and operations have indicated that there is an issue with odour from the facility, has an OMP been provided? | D20: If yes, an OMP is required, and the odour tab should be completed. If no, an OMP is not required and you do not need to complete the odour tab, and the answer should be marked as "n/a". | E20: N | F20: N | G20: N | H20: N | I20: N | J20: Y | K20: N | L20: N | M20: N | N20: N
B21: Noise: If a Noise Impact Assessment is required, has it been provided? | C21: N/A | E21: N | F21: Y | G21: Y | H21: N | I21: N | J21: Y | K21: N | L21: N | M21: N | N21: N
B22: Noise: If an adverse impact or significant adverse impact is concluded by the NIA, has a Noise Management Plan been provided? | C22: N/A | E22: N | F22: Y | G22: Y | H22: N | I22: N | J22: Y | K22: N | L22: N | M22: N | N22: N
B23: Fire: Is this a new bespoke permit application, that includes the acceptance and storage of combustible waste? | C23: Yes | E23: N | F23: Y | G23: Y | H23: N | I23: N | J23: N | K23: N | L23: N | M23: N | N23: N
B24: Fire: If this is a variation to add a new combustible material, has an FPMP been provided? | D24: Yes - FPMP is required and the FPMP tab must be completed. No - mark as N/A | E24: N | F24: N | G24: N | H24: N | I24: N | J24: Y | K24: N | L24: N | M24: N | N24: N
B25: Fire: If this is a variation to add a new activity, has an FPMP been provided? | D25: Yes - FPMP is required and the FPMP tab must be completed. No - mark as N/A | E25: N | F25: N | G25: N | H25: N | I25: N | J25: Y | K25: N | L25: N | M25: N | N25: N
B26: Fire: If this is a variation to increase the amount of waste stored at any one time, has an FPMP been provided? | D26: Yes - FPMP is required and the FPMP tab must be completed. No - mark as N/A | E26: N | F26: N | G26: N | H26: N | I26: N | J26: Y | K26: N | L26: N | M26: N | N26: N
B27: Fire: If this is a variation to increase the annual throughput only, has the required statement been provided? | D27: Yes - FPMP is not required. BUT applicant must provide written confirmation of the following: increase in annual throughput only, storage of combustible material referenced in the guidance will not increase from current levels and the measures used to manage current storage levels (at any one time limits) meet the standards in the guidance. IMPORTANT: All sections in FPMPs for variations will not necessarily need to be assessed as part of determination. We need the FPMP to include details on existing combustible waste types, site layout, separation distances etc. so that we can assess the new combustible materials/ activities in relation to these. However, we can’t ask for information on existing activities/wastes that are already permitted (i.e. amount of waste accepted, stack sizes, turning, water supplies for existing stacks). Technically under a variation we can only ask for information/ assess information that we need in order to make a decision on the what the operator is applying to change in their permit. You need to keep this in mind when completing this checklist. If in doubt, speak to your mentor. | E27: N | F27: N | G27: N | H27: N | I27: N | J27: Y | K27: N | L27: N | M27: N | N27: N
B28: Pests: If a dedicated pests management plan required, has it been provided? This will depend on the types of wastes accepted, treatment types etc | C28: No | D28: Accepting market waste, mixed municiple waste, edible oils and fats and biodegradable kitchen and canteen wastes. | E28: N | F28: Y | G28: Y | H28: N | I28: N | J28: Y | K28: N | L28: N | M28: N | N28: N
A29: 3c | B29: Specific Sectors Has the relevant appendix been completed? - clinical waste - hazardous recovery and disposal - CLO to land - inert landfill | C29: Yes | D29: Appendix 2 - Specific questions for the hazardous wate recovery and disposal sector completed | E29: N | F29: Y | G29: Y | H29: N | I29: N | J29: Y | K29: N | L29: N | M29: N | N29: N
A30: 4a | B30: Document provided for the monitoring of emissions from points listed in Table 2? | C30: N/A | D30: No water monitoring on site? | E30: N | F30: Y | G30: Y | H30: N | I30: N | J30: Y | K30: N | L30: N | M30: N | N30: N
A31: 4b | B31: Point source emissions to air only Assessment provided? | C31: N/A | E31: N | F31: Y | G31: Y | H31: N | I31: N | J31: Y | K31: N | L31: N | M31: N | N31: N
B32: Percentage of form incomplete | C32: =(100*(COUNTIF(C3:C31,"No"))/((COUNTIF(C3:C31,"Yes"))+(COUNTIF(C3:C31,"No")))) -> 7.1428571 | D32: Where over 25% of responses are no, the form is regarded as incomplete | E32: N | F32: Y | G32: Y | H32: N | I32: N | J32: Y | K32: N | L32: N | M32: N | N32: N
E33: N | F33: Y | G33: Y | H33: N | I33: N | J33: Y | K33: N | L33: N | M33: N | N33: N
E34: N | F34: Y | G34: Y | H34: N | I34: N | J34: Y | K34: N | L34: N | M34: N | N34: N
A35: Appendix 2 Hazardous waste for recovery and disposal | E35: N | F35: Y | G35: Y | H35: N | I35: N | J35: Y | K35: N | L35: N | M35: N | N35: N
A36: Qu # | B36: Action | C36: Yes/No/NA | D36: Comments and Document Ref. if given | E36: N | F36: Y | G36: Y | H36: N | I36: N | J36: Y | K36: N | L36: N | M36: N | N36: N
A37: 1 | B37: Pre-acceptance information complete? | C37: Yes | D37: Kier Working Plan Pyle CRC | E37: N | F37: Y | G37: Y | H37: N | I37: N | J37: Y | K37: N | L37: N | M37: N | N37: N
A38: 2 | B38: Waste acceptance information complete? | C38: Yes | D38: Kier Working Plan Pyle CRC | E38: N | F38: Y | G38: Y | H38: N | I38: N | J38: Y | K38: N | L38: N | M38: N | N38: N
A39: 3 | B39: Waste storage, handling etc. information complete? | C39: Yes | D39: Kier Working Plan Pyle CRC | E39: N | F39: Y | G39: Y | H39: N | I39: N | J39: Y | K39: N | L39: N | M39: N | N39: N
A40: 4 | B40: Waste facility and infrastructure layout plan provided? | C40: Yes | D40: 402.00798.00029.03.004.C0 Proposed Site Layout.pdf | E40: N | F40: Y | G40: Y | H40: N | I40: N | J40: Y | K40: N | L40: N | M40: N | N40: N
A41: 5 | B41: Treatment activities document provided? | C41: N/A | E41: N | F41: Y | G41: Y | H41: N | I41: N | J41: Y | K41: N | L41: N | M41: N | N41: N
A42: 6 | B42: Layout plan/flow diagram for treatment plant location provided? | C42: N/A | E42: N | F42: Y | G42: Y | H42: N | I42: N | J42: Y | K42: N | L42: N | M42: N | N42: N
B43: Percentage of appendix incomplete | C43: =(100*(COUNTIF(C37:C42,"No"))/((COUNTIF(C37:C42,"Yes"))+(COUNTIF(C37:C42,"No")))) -> 0 | D43: Where over 25% of responses are no, the appendix is regarded as incomplete | E43: N | F43: Y | G43: Y | H43: N | I43: N | J43: Y | K43: N | L43: N | M43: N | N43: N
E44: N | F44: Y | G44: Y | H44: N | I44: N | J44: Y | K44: N | L44: N | M44: N | N44: N
E45: N | F45: N | G45: N | H45: N | I45: N | J45: Y | K45: Y | L45: N | M45: N | N45: N
A46: Additional Checks - confirming the variation type- on for use with a variation | E46: N | F46: N | G46: N | H46: N | I46: N | J46: Y | K46: Y | L46: N | M46: N | N46: N
A47: Qu # | B47: Action | C47: Yes/No/NA | D47: Notes | E47: N | F47: N | G47: N | H47: N | I47: N | J47: Y | K47: Y | L47: N | M47: N | N47: N
A48: 1 | B48: Has the operator indicated it’s an administrative variation? | D48: Yes: go to Q2 No: go to Q3 | E48: N | F48: N | G48: N | H48: N | I48: N | J48: Y | K48: Y | L48: N | M48: N | N48: N
A49: 2 | B49: Is the change applied for, one of those we accept as administrative? | D49: See examples in the Scheme for guidance on what sort of changes can be accepted as administrative. Yes: we can accept the operator’s variation (change) is administrative in nature. No further consideration needed. No: the variation (change) is not administrative, it’s chargeable. Consider Q3 onwards | E49: N | F49: N | G49: N | H49: N | I49: N | J49: Y | K49: Y | L49: N | M49: N | N49: N
A50: 3 | B50: Has the operator indicated it’s a Minor Technical variation? | D50: Yes: go to Q4 No: go to Q6 | E50: N | F50: N | G50: N | H50: N | I50: N | J50: Y | K50: Y | L50: N | M50: N | N50: N
A51: 4 | B51: Is the change applied for, one of those we accept as Minor Technical? | D51: Note: refer to definition of Minor Technical in the Charging scheme. Yes: go to Q5 No: go to Q6 | E51: N | F51: N | G51: N | H51: N | I51: N | J51: Y | K51: Y | L51: N | M51: N | N51: N
A52: 5 | B52: Does any of the following apply: - the site is High Public Interest or the type of activity is contentious (it’s incineration, landfill etc.)? - the emissions/ techniques involved are complex or novel, or complex modelling is required? - there are sensitive receiving environments around the site (such as designated sites, species etc.) | D52: Yes: the variation cannot be accepted as Minor Technical – as it involves extra effort at technical determination. Consider Q7 onwards No: we can accept the operator’s variation (change) is minor technical in nature. No further consideration needed. | E52: N | F52: N | G52: N | H52: N | I52: N | J52: Y | K52: Y | L52: N | M52: N | N52: N
A53: 6 | B53: Has the operator indicated it’s a Normal variation (of a waste facility activity/permit)? | D53: Yes: go to Q7 No: go to Q8 | E53: N | F53: N | G53: N | H53: N | I53: N | J53: Y | K53: Y | L53: N | M53: N | N53: N
A54: 7 | B54: Is the change applied for, one of those we accept as Normal? In other words, is it something that can/ should actually be considered as administrative, Minor technical or Substantial? | D54: Yes: we can accept the operator’s variation (change) is normal in nature. No further consideration needed. No: go to 8 Note: Substantial variations do not normally apply to waste facility permits. | E54: N | F54: N | G54: N | H54: N | I54: N | J54: Y | K54: Y | L54: N | M54: N | N54: N
A55: 8 | B55: Conclusion Consider whether the operator has chosen the wrong variation type." What type of variation do you assess the application to be? (Look again at questions 2, 4, 5 and 7 in this table.) Talk to the operator; identify the correct ‘type’ of variation, so we can process the application accordingly. | D55: If the operator has indicated that they this it’s a substantial change, ask them why they think this is the case. See RGN 8 for guidance on what type of changes fall under a Substantial variation. Refer to the Fees and Charges Scheme for guidance on variations. | E55: N | F55: N | G55: N | H55: N | I55: N | J55: Y | K55: Y | L55: N | M55: N | N55: N

Sheet Decision and actions
A1: Decision and actions required | E1: New Bespoke Extractive Waste | F1: New Bespoke Tier 2 | G1: New Bespoke Tier 3 | H1: New SRP | I1: Variation Admin | J1: Variation MT and Normal | K1: Variation MT- SRP | L1: Transfer | M1: Surrender- Site | N1: Surrender Mobile Plant
A2: Action | B2: Yes/No/NA | C2: Date | D2: Notes | E2: Y | F2: Y | G2: Y | H2: Y | I2: Y | J2: Y | K2: Y | L2: Y | M2: Y | N2: Y
A3: Are all relevant documents present and do they appear to cover the right information? | B3: No | C3: 45114 | D3: No: Not duly made | E3: Y | F3: Y | G3: Y | H3: Y | I3: Y | J3: Y | K3: Y | L3: Y | M3: Y | N3: Y | P3: Yes
A4: Is the fee correct? | B4: Yes | C4: 45114 | D4: 8575 | E4: Y | F4: Y | G4: Y | H4: Y | I4: N | J4: Y | K4: Y | L4: Y | M4: Y | N4: Y | P4: No
A5: Not duly made email sent for additional information/fee? | B5: Yes | C5: 07/07/2023 02/08/2023 | E5: Y | F5: Y | G5: Y | H5: Y | I5: Y | J5: Y | K5: Y | L5: Y | M5: Y | N5: Y | P5: N/A
A6: Has the requested information been received by the deadline date? | B6: Yes | C6: 21/07/2023 16/08/2023 | D6: Second NDM sent 02/08/2023 as first request was not complete | E6: Y | F6: Y | G6: Y | H6: Y | I6: Y | J6: Y | K6: Y | L6: Y | M6: Y | N6: Y
A7: Application returned? | B7: N/A | C7: N/A | E7: Y | F7: Y | G7: Y | H7: Y | I7: Y | J7: Y | K7: Y | L7: Y | M7: Y | N7: Y
A8: Application withdrawn? | B8: N/A | C8: N/A | E8: Y | F8: Y | G8: Y | H8: Y | I8: Y | J8: Y | K8: Y | L8: Y | M8: Y | N8: Y
A9: Application duly made? | B9: Yes | C9: 45154 | D9: Duly made as of 16/08 | E9: Y | F9: Y | G9: Y | H9: Y | I9: Y | J9: Y | K9: Y | L9: Y | M9: Y | N9: Y
A10: Status on PALS updated? | B10: Yes | C10: 45163 | E10: Y | F10: Y | G10: Y | H10: Y | I10: Y | J10: Y | K10: Y | L10: Y | M10: Y | N10: Y
A11: Duly made email sent? | B11: Yes | C11: 45163 | E11: Y | F11: Y | G11: Y | H11: Y | I11: Y | J11: Y | K11: Y | L11: Y | M11: Y | N11: Y
A12: Publicise on web? | B12: Yes | C12: 45167 | E12: Y | F12: Y | G12: Y | H12: Y | I12: N | J12: N | K12: N | L12: N | M12: N | N12: N
A13: Advertise in newspaper? | B13: N/A | C13: N/A | E13: Y | F13: Y | G13: Y | H13: Y | I13: N | J13: N | K13: N | L13: N | M13: N | N13: N
A14: Publicise in Social Media ( email the link for the web advert to Comms team) | E14: Y | F14: N | G14: N | H14: N | I14: N | J14: N | K14: N | L14: N | M14: N | N14: N
A15: Consultation with Consultees (i.e. LPA, PHW, EH, HSE, PCT) | E15: Y | F15: N | G15: N | H15: N | I15: N | J15: N | K15: N | L15: N | M15: N | N15: N
A16: DM checklist saved to the DMS | B16: Yes | C16: 45306 | E16: Y | F16: Y | G16: Y | H16: Y | I16: Y | J16: Y | K16: Y | L16: Y | M16: Y | N16: Y
A17: Landfill Disposal Tax team informed | B17: N/A | C17: N/A | E17: Y | F17: Y | G17: Y | H17: Y | I17: Y | J17: Y | K17: Y | L17: Y | M17: Y | N17: Y
E18: Y | F18: Y | G18: Y | H18: Y | I18: Y | J18: Y | K18: Y | L18: Y | M18: Y | N18: Y
A19: ‘Duly Made’ officers notes: 07/07/2023, Rhiannon Smith. Initial application review completed. Concerns regarding the waste types proposed to be accepted not all being in line with what would be expected at a civic amenity site, nopest management plan had been submitted despite accepting putrescible waste to site, postcode did not appear suitable, SCR out of date, EMS/working plan, risk assessment, FPMP and odour plan all missing information and contained unreadable site plans. Application not duly made. 21/07/2023, Rhiannon Smith. Initial not duly made response received. 02/08/2023, Rhiannon Smith. Some outstanding queries require addressing regarding the EMS/working plan, FPMP and odour plan, as well as some new queries regarding the newly provided pest plan. Second information request sent. 16/08/2023, Rhiannon Smith. Second information request response recieved. Sufficient information provided for the application to be duly made. Application duly made on 25/08/2023 dated 16/08/2023. | E19: Y | F19: Y | G19: Y | H19: Y | I19: Y | J19: Y | K19: Y | L19: Y | M19: Y | N19: Y
E20: Y | F20: Y | G20: Y | H20: Y | I20: Y | J20: Y | K20: Y | L20: Y | M20: Y | N20: Y
E21: Y | F21: Y | G21: Y | H21: Y | I21: Y | J21: Y | K21: Y | L21: Y | M21: Y | N21: Y
E22: Y | F22: Y | G22: Y | H22: Y | I22: Y | J22: Y | K22: Y | L22: Y | M22: Y | N22: Y
E23: Y | F23: Y | G23: Y | H23: Y | I23: Y | J23: Y | K23: Y | L23: Y | M23: Y | N23: Y
A25: Percentage of forms/documents incomplete
A26: Where over 25% of responses are no, the application is regarded as incomplete
A27: Doc and info check | B27: ='Doc''s & info'!B32 -> 8.3333333
A28: Part A | B28: =A!C9 -> 0
A29: Part F1 | B29: ='F1'!C20 -> 0
A30: Part B1.C1 | B30: =#REF! -> #REF!
A31: Part B1.C1- Appendix 2 | B31: =#REF! -> #REF!
A32: Part B1.C1- Appendix 3 | B32: =#REF! -> #REF!
A33: Part B2.C2 | B33: ='B2.C2'!C46 -> 4.1666667
A34: Part B4.C4 | B34: ='B4.C4'!C32 -> 7.1428571
A35: Part B4.C4- Appendix 1 | B35: ='B4.C4'!#REF! -> #REF!
A36: Part B4.C4- Appendix 2 | B36: ='B4.C4'!C43 -> 0
A37: Part B4.C4- Appendix 3 | B37: ='B4.C4'!#REF! -> #REF!
A38: Part B4.C4- Appendix 4 | B38: ='B4.C4'!#REF! -> #REF!
A39: Part B5.C5 | B39: =#REF! -> #REF!
A40: Part C0.5 | B40: =#REF! -> #REF!
A41: Part D2 | B41: =#REF! -> #REF!
A42: Part E2 | B42: =#REF! -> #REF!
A43: EMS | B43: =EMS!C49 -> 29.411765
A44: TCM | B44: ='TCM '!C21 -> 0
A45: Risk Assessments | B45: ='Risk Assessment'!C55 -> 7.1428571
A46: FPMP | B46: ='FPMP '!C68 -> 31.111111
A47: Noise | B47: =Noise!C43 -> #DIV/0!
A48: Odour | B48: =Odour!C37 -> 52.173913
A49: Dust | B49: ='Dust '!C33 -> 100
A50: Pests | B50: =Pests!C36 -> 52.173913
A51: DfR | B51: ='DfR '!C62 -> #DIV/0!

Sheet OPRA
A1: OPRA review
A3: TAB: Complexity_Emissions_Location | B3: Changed | C3: Not changed | D3: Reason
A4: Complexity Attribute | C4: X
A5: Emissions Attribute (Waste Input) | C5: X
A6: Location Attributes
A7: Proximity to Human Occupation | C7: X
A8: Assessment under wildlife, countryside or habitats legislation | C8: X
A9: Groundwater/Aquifers | C9: X
A10: Sensitivity of surface water | C10: X
A11: Direct run-offs | C11: X
A12: Air Quality Management Zone | C12: X
A13: Flood Plain | C13: X
A15: TAB: Operator Performance | B15: Changed | C15: Not changed | D15: Reason
A19: Start score: | B19: 49
A20: Start fee: | B20: 8575
A21: End score: | B21: 49
A22: End fee: | B22: 8575
A24: Difference in score: | B24: =B21-B19 -> 0
A25: Difference in fee: | B25: =B22-B20 -> 0 | C25: If minus, a refund is required

Sheet EMS
A1: Environment Management System
A3: This applies to all new bespoke permits and variations. If the permit is a normal variation, only the relevant parts of the EMS should be updated by the operator and assessed.
A5: Document reference | B5: Ems Summary Pyle Community Recycling Centre All below information is taken from "Kier Working Plan Pyle CRC"
A6: Time taken | C6: 0.56944444
A8: Guidance | B8: https://cdn.cyfoethnaturiol.cymru/media/2110/how-to-comply-with-your-environmental-permit.pdf?mode=pad&rnd=131467604540000000
A10: Section | B10: Part | C10: Yes/No/NA | D10: Comments
A11: Site plans | B11: Does it show the main features of the site and drawn to scale? | C11: Yes | D11: Very blurry - better quality required | G11: Yes
B12: Including where relevant; activities, drainage, sensitive receptors | C12: No | D12: Can't see, as above. | G12: No
A13: Operations | B13: Does it contain information on how to avoid or minimise environmental risk an impact of the normal running operations | C13: Yes | G13: N/A
B14: Does it contain information on waste acceptance, quantities, treatment and storage procedures | C14: Yes
B15: Does it contain information on storage of materials on site - storage times and procedures to ensure that these times are not exceeded - maximum storage capacities for specified storage areas and the facility as a whole and procedures to ensure that these capacities are not exceeded - maximum storage heights to prevent or minimise the emission of dust, litter and throughput management | C15: No | D15: Tyres and fridge freezers to be stored loose with no information on storage area sizes.
B16: Does it contain information on a procedure to identify the specific waste types stored at your facility | C16: Yes
B17: Does it contain information on procedures to segregate incompatible wastes for example use of appropriate separation distances and or suitable engineering measures.
B18: Does it contain information on drainage infrastructure | C18: Yes
B19: Does it contain information on transportation and distribution | C19: Yes
B20: Does it contain information on how any potential pollution from the above activities could impact on air, water, land and neighbours | C20: Yes
B21: Does it contain information on procedures to enable you to apply the waste hierarchy of re-use, recover, recycle, dispose | C21: N/A | D21: Technically not mentioned, but it is a recycling centre
B22: Does it contain information on Duty of Care | C22: Yes
A23: Maintenance | B23: Does it contain information on the sites programme of Planned Preventative Maintenance (PPM) | C23: Yes
A24: Accidents and incidents (Defined as an accident, incident or event that may result in pollution) | B24: Does it contain information on potential accidents and put in place measures to minimise them happening | C24: Yes | D24: Refer to "Environmental SHEMS-FOR-GR-039 Risk Assessment & Action Plan" which doesn't exist Refers to "SHEMS-FOR-GR-040 Environmental Aspect & Impact Assessment" which is included
B25: Does it contain information on events or equipment failures that could damage the environment, for example fires, vandalism, flooding or other extreme weather events such as drought, heat waves, strong winds, snow or extreme cold | C25: Yes
B26: Does it contain information on how likely these events or failures are to happen | C26: No
B27: Does it contain information on the consequences if they do happen | C27: Yes
B28: Does it contain information on the steps needed to minimise them happening | C28: Yes
B29: Does it contain information on the steps needed to minimise any impact if they do happen | C29: No
B30: Does it contain information on how they will record and investigate complaints, pollution incidents or breaches of your permit and the actions taken. | C30: No
B31: Does it contain a site plan which identifies location of any emergency kits or equipment for fire, spill kits and drain caps | C31: No | D31: "Appendix 1.0 Hard-standing and drainage plan including interceptor" contains three plans - the first and third plans are unreadable due to quality. Required information on emergency kits can't be read, if it exists.
A32: Site security | B32: Does it include information on site security? This will be dependant on the environmental risk posed by activity | C32: Yes
A33: Non-compliance | B33: Does it include information on how non-compliance will be dealt with including recording, investigating and resolution | C33: No
A34: Closure | B34: Does it include information on the plans in place that could make closing the site far easier and cheaper and evidence of the condition of the site via an SCR (only needs to be provided for a new bespoke or variation to increase permit area) | C34: Yes | D34: SCR provided
A35: Complaints | B35: Does it include information on how complaints will be dealt with including recording, investigating and resolution | C35: No
A36: Sufficient competent persons, resources and training | B36: Does it include information on training of staff and technical competence. Also see TCM tab | C36: Yes
A37: Emissions and monitoring | B37: Does it include information on emissions to surface and groundwater | C37: Yes
B38: Does it include information on dust | C38: Yes
B39: Does it include information on mud | C39: No
B40: Does it include information on litter | C40: Yes
B41: Does it include information on fine particulates and fumes | C41: Yes
B42: Does it include information on VOCs | C42: N/A
B43: Does it include information on odour | C43: Yes
B44: Does it include information on noise and vibration | C44: Yes
B45: Does it include information on pests | C45: Yes
B46: Does it include information on bioaerosols | C46: N/A
A47: Records | B47: Does it include information on how records will be maintained and kept up to date | C47: No
A48: Access to your permit | B48: Does it include information on how any interested parties will view the permit, EMS or any other relevant management systems | C48: Yes
B49: Percentage of required information missing | C49: =(100*(COUNTIF(C11:C48,"No"))/((COUNTIF(C11:C48,"Yes"))+(COUNTIF(C11:C48,"No")))) -> 29.411765 | D49: Where over 25% of responses are no, the document is regarded as incomplete
A51: Missing documents | B51: Appendix 2.0 is missing
B52: SHEMS-STD-GR-065 Waste Management | C52: Recommended for furthur guidance
B53: SHEMS-STD-GR-064 Pollution Prevention Standard | C53: Recommended for furthur guidance
B54: SHEMS-STD-GR-014 – Risk & Impact Assessment Standard
B55: SHEMS-STD-GR-064 – Pollution Prevention Standard
B56: SHEMS-STD-GR-062 – Ecology & Biodiversity Standard
B57: SHEMS-STD-GR-060 – Archaeological & Heritage Standard
B58: SHEMS-FOR-GR-040 Environmental Aspect & Impact Assessment | C58: An "Environmental aspects and impacts risk assessment" has been provided but it appears to be site specific rather than a standard
B60: Section 1.3 - what are LDA/SDA

Sheet TCM 
A1: Technically Competent Manager Qualifications
A3: Document reference
A4: Time taken
A6: Guidance | B6: n/a
A8: Section | B8: Part | C8: Yes/No/NA | D8: Comments | F8: Yes
A9: General Overview | B9: Has a named TCM been provided? | C9: Yes | D9: Leeann Neagle | F9: No
B10: Are they/will they be covered by a relevant technical scheme: CIWM/WAMITAB or ESA/EU? | C10: Yes | D10: WAMITAB | F10: N/A
A11: If WAMITAB certificates have been provided: | B11: Has primary competence been provided? | C11: Yes | D11: Issued 2022
B12: Has continuing competence been provided? | C12: N/A
B13: If certificates have not been provided, has proof of application for the correct course been provided? | C13: N/A
B14: If a grace period is applicable, has this been requested? | C14: N/A
B15: Is the certificate/course applied for suitable for the application applied for? | C15: Yes
A16: If ESA/EU certificates have been provided: | B16: Do they have a competent management system in place? | C16: N/A
B17: If not, are they relying on the 12 month grace period? | C17: N/A
B18: If relying on the grace period, have they confirmed that they will obtain necessary certification within 12 months of permit issue? | C18: N/A
B19: Has the management scheme been certified by one of the EU Skills scheme's approval bodies? | C19: N/A
A20: On site | B20: Do we consider this person to be in control of day to day activities on the site? | C20: Yes
B21: Percentage of required information missing | C21: =(100*(COUNTIF(C9:C20,"No"))/((COUNTIF(C9:C20,"Yes"))+(COUNTIF(C9:C20,"No")))) -> 0 | D21: Where over 25% of responses are no, the document is regarded as incomplete

Sheet Risk Assessment
A1: Risk Assessments
A3: Document reference
A4: Time taken
A6: Guidance | B6: https://www.gov.uk/guidance/risk-assessments-for-your-environmental-permit
A8: Section | B8: Part | C8: Yes/No/NA | D8: Comments | F8: Yes
A9: General sections | B9: As per "How to Comply", are there general sections on the following: | F9: No
B10: a. Site operations | C10: Yes | F10: N/A
B11: b. Maintenance | C11: Yes | D11: Mentioned throughout
B12: c. Accidents | C12: Yes
B13: d. Training and records
A14: Contents | B14: Does the risk assessment contain information on the following:
B15: a. Pollution/hazard source | C15: Yes
B16: b. Receptor that can be affected | C16: Yes
B17: c. sources | C17: Yes
B18: d. Pathway | C18: Yes
B19: e. Harm that could be caused | C19: Yes
B20: f. Solutions | C20: No | E20: "Risk management techniques"
B21: g. Actions | C21: No
B22: Overall, can the site operate without a significant risk to the environment?
A23: Areas of Risk | B23: Have the risks of the following been addressed, and if required, have management plans been provided:
B24: a. Any discharges to surface or groundwater | C24: Yes
B25: b. Accidents e.g. flooding, fire, electric shock etc | C25: Yes
B26: c. Odour | C26: Yes
B27: d. Noise | C27: Yes
B28: e. Vibration | C28: Yes
B29: f. Dust | C29: Yes
B30: g. Pests | C30: Yes
B31: h. Litter | C31: Yes
B32: i. Fire | C32: Yes
B33: j. Flooding and flood plains, as per OPRA | C33: Yes
B34: k. Bioaerosols | C34: N/A
A35: Protected sites | B35: If present, have the following been included within the risk assessment:
B36: a. national parks | C36: N/A
B37: b. areas of outstanding natural beauty (AONBs) | C37: N/A
B38: c. sites of special scientific interest (SSSIs) | C38: Yes
B39: d. special areas of conservation (SACs) | C39: Yes
B40: e. special protection areas (SPAs) | C40: N/A
B41: f. Ramsar sites (wetlands) | C41: N/A
B42: g. marine conservation zones | C42: N/A
B43: h. ancient woodlands | C43: N/A
B44: i. local sites | C44: N/A
B45: j. flooding | C45: N/A
B46: k. protected habitats/species and section 6/7 species | C46: N/A
B47: l. historic items (ancient monuments, historic sites etc.) | C47: N/A
... B50: o. surface water courses (sinks/issues/springs/wells etc.) | C50: Yes
A51: General notes | B51: Have risks been identified in terms of low, medium or high risk? | C51: Yes
B52: Have mitigation measures been included? | C52: Yes
B53: Has the assessment covered both normal and abnormal operating conditions? | C53: Yes
B54: Does the risk assessment meet what NRW find in their initial screening? | C54: Yes
B55: Percentage of required information missing | C55: =(100*(COUNTIF(C9:C54,"No"))/((COUNTIF(C9:C54,"Yes"))+(COUNTIF(C9:C54,"No")))) -> 7.1428571 | D55: Where over 25% of responses are no, the document is regarded as incomplete

Sheet FPMP 
A1: Fire Prevention and Mitigation Plan (FPMP)
A3: Document reference | F3: Yes
A4: Time taken | F4: No
F5: N/A
A6: Guidance | B6: NRW FPMP Guidance No. 16 Fire prevention and mitigation plan - waste management
B7: If this colour; Guidance states that this information MUST be provided
A9: Section | B9: Part | C9: Yes/No/NA | D9: Comments
A10: 5. Fire Prevention and Mitigation Plan contents | B10: Is the FPMP produced in accordance with NRW guidance? | C10: Yes
B11: Does the FPMP contain the following:
B12: The amount and type of waste received daily and how it is managed. | C12: Yes
B13: Total amount of waste and types and forms (e.g. unprocessed, shredded etc) stored on site at any one time and how it will be stored | C13: No
B14: Maximum time each type of waste will be stored on site | C14: Yes
B15: Maximum size of any waste stockpile - including length, width and depth | C15: No
B16: Minimum separation distances used | C16: No
B17: Clear area around the perimeter | C17: No
B18: Fire prevention techniques used, including management of hotspots, self combustion, monitoring, reporting | C18: Yes
B19: Techniques used to minimise fire spreading
B20: All combustion products and emissions (to air, land and water) including impact on the local community, critical infrastructure and environment).
B21: Contact details of sensitive receptors within 1km of the site, including human receptors (i.e. hospitals, residential areas, schools) | C21: No
B22: Environmental receptors within 1km of the site (i.e. source protection, surface water) | C22: Yes
B23: Does the site plan showing the following:
B24: where each type of waste is stored | C24: Yes
B25: layout of buildings | C25: Yes
B26: areas where hazardous materials are stored (e.g. gas cylinders, oil and fuel tanks) | C26: Yes | D26: Appendix 7 - poor detail
B27: main access route and any alternative access points | C27: Yes
B28: location of hydrants and water supplies | C28: Yes | D28: On site water bowsers - 3, 2000l ones
B29: areas of natural and unmade ground | C29: No
B30: location of plant, pollution control equipment | C30: No
B31: drainage system, foul and surface water drains, their direction and outfall. | C31: Yes | D31: Drainage plan provided but not of readable quality
B32: location of drain covers and pollution control measures - e.g. firewater containment system | C32: No
B33: location of sensitive receptors within 1km of the site including human receptors and environmental receptors. | C33: Yes
B34: designated quarantine area | C34: Yes
A35: 6. Common causes of fires and preventative measures | B35: Does the FPMP include a list, as per the guidance? | C35: Yes
A36: 7. Storage times and self combustion factors | B36: Is the waste at risk of self combustion? | C36: Yes | D36: Green material, paper, wood
B37: If the waste is at risk of self combustion, and they are proposing to store for more than 3 months - are additional measures included? | C37: N/A
A38: 8. Managing waste material stacks | B38: Does the FPMP include how ELVs will be stored? | C38: N/A
A39: 10. Baled waste storage | B39: Does the FPMP include how they are reducing the risk of fire occurring within the bales? | C39: N/A
A40: 11. Enclosing stacks using bales and walls | B40: Do the bays or walls between the stacks provide fire resistance for 120 mins? | C40: N/A | D40: No walls mentioned
B41: Has evidence of the product specification been included? | C41: N/A
A42: 12. Waste stored within a building | B42: Have they included general principals on fire prevention and mitigation? | C42: N/A
A43: 13. Waste stored in containers | B43: Does the FPMP include how containers will be moved? | C43: No
A44: 15. Seasonality and waste stack management | B44: Does the FPMP include information on waste stack management, i.e. the contracts in place to ensure that they have end user outlets. | C44: Yes
A45: 16. Monitoring and turning of stacks | B45: Does the FPMP include monitoring that will be carried out? | C45: Yes
B46: Does the FPMP explain what indicators will be used in relation to temperature and moisture content and what action will be taken in relation to these? | C46: No | D46: No mention of moisture
A47: 17. Fire detection | B47: Does the FPMP include how they will detect fire in early stages? | C47: Yes
A48: 18. Fire suppression systems | B48: If a fire suppression system is proposed, does the FPMP include what type of system it is? | C48: N/A | D48: Mentioned fire extinguishers only
A49: 19. Firefighting strategy | B49: Does the FPMP include heavy mobile plant available to move waste? | C49: Yes
B50: Does the FPMP include the suitability of the heavy plant? | C50: No
B51: Are trained staff available to move waste? | C51: No
A52: 20. Water supplies | B52: Has amount of water required for largest stack been calculated? | C52: Yes | D52: Stack length/width/depth hasn't been given so cannot calculate. FPMP states largest pile is 61m^3
B53: Does the FPMP include where the water supply will come from? | C53: No | D53: An estimate has been provided of the flow of a hydrant nearby but they don't intend to use it. Exact flow rate not able to be given by Welsh Water. On site water supply is significantly less than required.
B54: Have they included information to demonstrate the hydrant is suitable? | C54: No
B55: If using alternative sources (i.e. river) has information been included to support that this is a reliable source? | C55: Yes
A56: 21. Managing water run-off | B56: Does the FPMP include measures to contain fire water run-off? | C56: Yes | D56: Intend to use foul and surface water drainage systems
B57: Does the FPMP include calculations to demonstrate how much water can be contained? | C57: Yes
B58: If firewater is being discharged to sewer, has evidence of approval from the sewage company been included? | C58: N/A
B59: Have measures to prevent firewater reaching groundwater and surface water been included?
A60: 22. Designated quarantine area | B60: Does the FPMP include a quarantine area? | C60: Yes
B61: Does it include separation distances? | C61: Yes | D61: 6m perimeter around quarantine area
B62: Does it state how much waste it can contain? | C62: Yes
B63: Is the quarantine area within the permitted boundary? | C63: Yes
A64: 23. During and after an incident | B64: Does the FPMP include contingency measures during and after a fire? i.e. diverting waste, notifying those who may be affected | C64: Yes
B65: Does the FPMP include a plan to notify those who may be affected by the fire? | C65: Yes | D65: Via social media only
B66: Does the FPMP include how the site will be cleared and decontaminated? | C66: Yes
A67: 24. Reviewing and monitoring your FPMP | B67: Does the FPMP include when it will be reviewed? | C67: Yes | D67: Annually
B68: Percentage of required information missing | C68: =(100*(COUNTIF(C10:C67,"No"))/((COUNTIF(C10:C67,"Yes"))+(COUNTIF(C10:C67,"No")))) -> 31.111111 | D68: Where over 25% of responses are no, the document is regarded as incomplete
B70: Appendix 2 is unreadable
B71: Appendix 7 is very poor quality
B72: Query them not intending to use the hydrant, as this will be what will HAVE to be used to provide enough water on site
B73: Query of using only social media??

Sheet Noise
A1: Noise Impact Assessment and Management Plan
A3: Document reference
A4: Time taken
A6: Guidance | B6: Noise impact assessments involving calculations or modelling
A8: Section | B8: Part | C8: Yes/No/NA | D8: Comments | F8: Yes
A9: NIA | B9: Has the NIA report been produced in line with BS4142? | D9: If not produced in line with BS4142 likely needs to be not duly made and returned, but discuss with noise lead. | F9: No
A10: Does the NIA include information on the following (as required by Clause 12 of BS4142) | B10: Statement of competency for all persons contributing to the assessment | F10: N/A
B11: Description of source(s) being assessed, including: - the main sound sources and specific sound - operational times, including operational times of plant - description of site layout and location of main sound sources
B12: Subjective impressions of the specific sound and main sound sources contributing to residual sound
B13: Identification of nearest sensitive receptors and description of the existing context, including an assessment of the sensitivity of the receptor, e.g. school, dwelling, office.
B14: Plan showing measurement locations and description including distance from sound source, intervening ground. A justification for the choice of measurement locations should also be included.
B15: Equipment used, including calibrator or pistonphone: - type and/or model; - manufacturer; - serial number; and - details of the latest verification test including dates.
B16: Field calibration test, including meter reading(s) before and after measurements with calibrator
B17: Weather conditions, including wind speed(s) and direction(s), precipitation, temperature, etc | D17: If no weather data is provided, and / or if no data is provided on wind speed or wind direction - not duly made
B18: Date(s) and time(s) of measurements.
B19: Sound levels and method of determination for: - residual - ambient - specific | D19: If ambient and residual sound could not be measured (e.g. non-operational site), the specific may have been modelled / calculated. Where residual and ambient have been measured the difference must be greater than 3dB. If not a combination of measurements and calculation / modelling may be used. Justification for the method used should be included.
B20: Background sound level(s) (LA90) and measurement time interval(s) and, in the case of measurements taken at an equivalent location, the reasons for presuming it to be equivalent.
B21: Rating level(s) - specific sound level plus any acoustic features of the specific sound
B22: Initial impact assessment - excess of the rating level(s) over the measured background sound level(s)
B23: Conclusions of the assessment after taking context into account.
B24: The potential impact of uncertainty
A25: Significant adverse impact | B25: Where the NIA concludes significant adverse impact (taking account of context), have mitigation / controls been included to prevent or minimise impact? Have these been quantified in decibels?
A26: Variation only | B26: Does the NIA consider all the noise resulting from the proposed variation – the existing site and the variation together? Both components should be shown and then added together to give a new total for site noise at the receptors. | D26: If noise from the existing site (before changes) has been considered as part of the background or the residual sound levels, the application should be not duly made.
A27: Raw data | B27: Has the following raw data been provided?
B28: If sound levels have been measured, has the measurement data been provided?
B29: If sound levels have been calculated, have the calculations been provided?
B30: If sound levels have been modelled, have the modelling files been provided? And are they in a format we can use? i.e. SoundPlan, CadnA, or .qsi file format.
B31: Where modelled, has all relevant numerical data been provided as required guidance on noise impact assessments involving calculations or modelling? | D31: See guidance linked above
A32: Noise Management Plan | B32: Does the NMP information on the following:
B33: Commitment to regular review the effectiveness on the NMP
B34: Commitment to ensure noise control equipment is designed, operated and maintained appropriately
B35: Identified sources of noise in normal and abnormal situations
B36: Identified anticipated incidents that may influence noise risk, e.g., weather, breakdowns etc
B37: Appropriate controls (measures) to manage identified risks
B38: Monitoring
B39: Details of actions, contingencies and responsibilities if problems arise
B40: Procedures in place to avoid serious noise pollution e.g. reducing / ceasing operations
B41: Engaging with neighbours
B42: Responding to complaints
B43: Percentage of required information missing | C43: =(100*(COUNTIF(C9:C42,"No"))/((COUNTIF(C9:C42,"Yes"))+(COUNTIF(C9:C42,"No")))) -> #DIV/0! | D43: Where over 25% of responses are no, the document is regarded as incomplete

Sheet Odour
A1: Odour Management Plan
A3: This checklist is suitable for most waste operations but if your dealing with an application for: - clinical waste you may wish to also consider 'How to comply with your environmental permit additional guidance for clinical waste'. - biowaste treatment you may wish to also consider the following industry guidance document produced by The Composting Association 'an industry guide for the prevention and control of odour at biowaste processing facilities'.
A5: Document reference
A6: Time taken
A8: Guidance | B8: How to comply with your environmental permit additional guidance for clinical waste
B9: An industry guide for the prevention and control of odour at biowaste processing facilities
A11: Section | B11: Part | C11: Yes/No/NA | D11: Comments | F11: Yes
A12: Odour Modelling | B12: Does the application include Odour Modelling? | C12: N/A | F12: No
A13: Site Overview | B13: Does the OMP provide an overview of site operations? | C13: Yes | F13: N/A
B14: Does the OMP include key details: a) operating hours | C14: No
B15: b) activities undertaken on site | C15: No
B16: c) waste codes | C16: No | D16: Types but not codes
B17: d) daily / annual throughput limit | C17: No
B18: e) storage quantities (max) for odorous wastes | C18: No
A19: Site Setting & Site Plan | B19: a) Does the OMP provide an description of the site location and does this identify key receptors and designations. | C19: Yes
B20: b) Does the OMP contain a site layout plan/s that demonstrates the following: i) North arrow | C20: No
B21: ii) Wind rose (can be provided separately) | C21: Yes
B22: iii) Scale | C22: No
B23: iv) Site Surfacing | C23: No
B24: v) All waste storage areas | C24: Yes
B25: vi) Layout of internal waste storage areas | C25: N/A
B26: vii) Monitoring points | C26: No
A27: Odour Emissions: Sources, Impacts, and Control and Mitigation Measures | B27: a) Does the OMP appear to consider all odorous wastes (source materials) and odour generating activities (releases) included in the application. | C27: Yes
B28: b) Does the OMP appear to outline all the potential impacts of odour emissions and does this correlate with the sensitive receptors highlighted and outlined in OMP regarding the site setting? | C28: Yes
B29: c) Does the OMP appear to outline a number or controls or mitigation measures? | C29: Yes
A30: Monitoring of Odour Emissions | B30: Does the OMP outline how odour emissions are detected during day to day operation? Do the monitoring methods appear to cover all potential sources of odour? | C30: Yes
A31: Complaints Procedure | B31: a) Does the OMP outline a suitable complaints procedure? | C31: Yes
B32: b) Does the OMP outline what will occur in the event of a or multiple complaint/s being received in a short time. This should trigger a review of the current odour controls and whether anything else needs to be implemented. | C32: No
A33: Training, Record Keeping and Review of the OMP | B33: a) Does the OMP outline how staff will be trained on the OMP? | C33: No
B34: b) Does the OMP outline how appropriate records will be kept (for example of monitoring, complaints)? | C34: Yes
B35: c) Does the OMP outline how the records of the monitoring and complaints will be reviewed with the aim of improving operations on site? | C35: Yes | D35: Continuous review and revision where necessary
B36: d) Does the OMP outline how regularly and when the entire OMP will be reviewed? | C36: No
B37: Percentage of required information missing | C37: =(100*(COUNTIF(C12:C36,"No"))/((COUNTIF(C12:C36,"Yes"))+(COUNTIF(C12:C36,"No")))) -> 52.173913 | D37: Where over 25% of responses are no, the document is regarded as incomplete

Sheet Dust 
A1: Dust Emissions Management Plan
A3: Document reference | B3: Not provided
A4: Time taken
A6: Guidance | B6: n/a
A8: Section | B8: Part | C8: Yes/No/NA | D8: Comments | G8: Yes
A9: Site Overview | B9: Does the DEMP provide an overview of site operations? | C9: No | D9: Do the operating hours match those of the other application documents. It is not site specific and should not be duly made. | G9: No
B10: Does the DEMP include key details: a) operating hours | C10: No | G10: N/A
B11: b) activities undertaken on site | C11: No
B12: c) waste codes | C12: No
B13: d) daily / annual throughput limit | C13: No
A14: Site Setting and Site Plan | B14: a) Does the DEMP provide an description of the site location and does this identify key receptors and designations? | C14: No | D14: Does the site setting match our own screening (e.g. does it mention all receptors, protected sites, and AQMAs for PM10) if not it is not site specific and should not be duly made. You should consider: - in or within 2km of AQMA - 500m of sensitive receptor home, school, hospital etc - other dust sources (local)
B15: b) Does the DEMP contain a site layout plan/s that demonstrates the following: North arrow | C15: No | D15: If not it is not the site plan does not provide suitable information and therefore should not be duly made.
B16: Wind rose (can be provided separately) | C16: No
B17: Scale | C17: No
B18: Site Surfacing | C18: No
B19: All waste storage areas | C19: No
B20: Layout of internal waste storage areas | C20: No
B21: Visual monitoring points | C21: No
A22: Dust Emissions: Sources, Impacts, and Control and Mitigation Measures | B22: a) Does the DEMP appear to consider all waste types and waste treatment activities that could result in dust emissions from site. | C22: No | D22: If not then the DEMP is incomplete as it does not consider all dusty activities or waste and we do not have all the information required to start our assessment. Therefore should not be duly made.
B23: b) Does the DEMP appear to outline all the potential impacts of DEMP emissions and does this correlate with the sensitive receptors highlighted and outlined in DEMP regarding the site setting? | C23: No
B24: c) Does the DEMP list a range of dust control measure and mitigation measures? | C24: No | D24: Are mitigation / control measures outlined for all sources of dust identified in the DEMP and Risk Assessment. If not the DEMP is not Site Specific and should not be duly made.
A25: Monitoring Dust Emissions and Weather Conditions | B25: a) visual monitoring and how dust emissions are detected | C25: No | D25: We would expect all sites to have some kind of formal visual monitoring inspection and designated points should be outlined in the DEMP that considers the site boundary and the duty activities. If not this should not be duly made.
B26: b) How they will monitor the weather conditions | C26: No | D26: Weather conditions are fundamental in regards to the generation and transportation of dust emissions from sites. Operators must have considered how they will consider the weather conditions in DEMP. This is not an assessment of validity of the method but they must have suggested a source (e.g. visual inspection, wind sock, weather reports etc) if not then the DEMP is not duly made.
A27: Complaints Procedure | B27: a) Does the DEMP outline a suitable complaints procedure? | C27: No | D27: If not then it is not complete and should not be duly made
B28: b) Does the DEMP outline what will occur in the event of a or multiple complaint/s being received in a short time. This should trigger a review of the current odour controls and whether anything else needs to be implemented. | C28: No | D28: If not then it is not complete and should not be duly made
A29: Training, Record Keeping and Review of the OMP | B29: a) Does the DEMP outline how staff will be trained on the DEMP ? | C29: No | D29: If not then it is not complete and should not be duly made
B30: b) Does the DEMP outline how appropriate records will be kept (for example of monitoring, complaints)? | C30: No | D30: If not then it is not complete and should not be duly made
B31: c) Does the DEMP outline how the records of the monitoring and complaints will be reviewed with the aim of improving operations on site? | C31: No | D31: If not then it is not complete and should not be duly made
B32: d) Does the DEMP outline how regularly and when the entire DEMP will be reviewed? | C32: No | D32: If not then it is not complete and should not be duly made
B33: Percentage of required information missing | C33: =(100*(COUNTIF(C9:C32,"No"))/((COUNTIF(C9:C32,"Yes"))+(COUNTIF(C9:C32,"No")))) -> 100 | D33: Where over 25% of responses are no, the document is regarded as incomplete

Sheet Pests
A1: Pests Management Plan
A3: Document reference | B3: 2225-R002-01 Pyle Pest Management Plan | C3: Not provided with initial submission
A4: Time taken | B4: Started 15:11- | C4: Reviewed when provided on 21/07/2023
A6: Guidance | B6: How to comply with your environmental permit
B7: Control and monitor emissions for your environmental permit - GOV.UK (www.gov.uk)
B8: Fly management: how to comply with your environmental permit Version 1- April 2013
A10: Section | B10: Part | C10: Yes/No/NA | D10: Comments | G10: Yes
A11: Site Overview | B11: Does the PMP provide an overview of site operations? | G11: No
B12: Does the PMP include key details: a) operating hours | C12: Yes | G12: N/A
B13: b) activities undertaken on site | C13: No
B14: c) waste codes | C14: Yes
B15: d) daily / annual throughput limit | C15: Yes
A16: Site Setting | B16: Does the PMP provide an description of the site location and does this identify key receptors and designations that would be relevant to pests such as human receptors. | C16: Yes
A17: Site Plan | B17: Is there a site plan present in the PMP? | C17: Yes
B18: Does it contain the following: 1) North arrow | C18: No
B19: 2) Scale | C19: No
B20: 3) All waste storage areas | C20: No
B21: 4) Layout of internal waste storage areas | C21: N/A
B22: 5) Monitoring points | C22: No
A23: Sources of pests | B23: Does the PMP appear to consider all wastes and activities included in the application that could cause/attract pests? | C23: Yes
A24: Wider contents: Does the PMP include sections that discuss the following: | B24: a) monitoring and how pests are detected | C24: Yes
B25: b) pest control or mitigation measures Does the PMP contain any appropriate measures? How to comply gives possible appropriate measures to reduce pest problems as: - regular inspections by nominated personnel - isolation and securing/removal of wastes that are attracting scavengers or flies - employing professional pest controllers, either directly or by contract - effective scaring or other deterrent methods - netting | C25: Yes
B26: c) how they will handle complaints and the how they will respond | C26: Yes
B27: d) how the PMP will be reviewed following an incident or high number of complaints | C27: Yes | D27: Working document with continuous review and revision where necessary
B28: e) how staff will be trained on contents of plan? | C28: Yes
A29: Flies | B29: Has Table 4. On site and Pest Management Plan (PMP) assessment – Template check list for Waste Sites been completed/referenced? | C29: No
B30: 1. Ensure that staff are trained in key areas, for example the significance of flies, using control techniques and waste rejection procedures. | C30: No
B31: 2. Monitor fly numbers and the extent of breeding sites. | C31: No
B32: 3. Select and implement the most appropriate long-term fly prevention methods, such as drying or removing manure, confining or covering waste materials, and using predators. | C32: No
B33: 4. Select appropriate insecticidal fly control techniques, bearing in mind the need to minimise the impact of resistance, and the impact on beneficial organisms. | C33: No
B34: 5. Decide the trigger level in fly populations for pesticide treatments, based on the timing of fly complaints from neighbours. | C34: No
B35: 6. Regularly review effectiveness of the fly control methods. | C35: No
B36: Percentage of required information missing | C36: =(100*(COUNTIF(C11:C35,"No"))/((COUNTIF(C11:C35,"Yes"))+(COUNTIF(C11:C35,"No")))) -> 52.173913 | D36: Where over 25% of responses are no, the document is regarded as incomplete

Sheet DfR 
A1: Deposit for recovery
A3: Document reference
A4: Time taken
A6: Guidance | B6: Natural Resources Wales / How to prepare a waste recovery plan for a waste deposit for recovery permit
B7: Wastes acceptance procedures
B8: Conceptual site model (CSM)
B9: Hydrogeological risk assessments (HRA)
B10: Stability risk assessment
B11: Environmental setting and site design (ESSD) report
A13: Section | B13: Part | C13: Yes/No/NA | D13: Comments | F13: Yes
A14: General | B14: Is the application for a deposit for recovery activity? | D14: If yes, a WRP is required, complete this checklist. If no, a WRP is not required and you do not need to complete the rest of this checklist, and the answer should be marked as "n/a". | F14: No
B15: Has a WRP been provided? | F15: N/A
B16: Have we assessed the WRP and agreed it is recovery? | D16: If 'Yes' reference PPN If we have not agreed the WRP or it has changed, inform applicant that if we assess it and do not agree recovery, they may lose their application fee.
B17: Is the WRP the same as the version previously approved? | D17: If 'No' it will need to be reassessed
B18: Has the WRP assessment fee been paid (if required)? | D18: A fee does not need to be paid if the WRP has already been assessed and approved by us. If it has changed or not been assessed the WRP assessment fee must be paid.
A19: Standard Rules Application only | B19: Has the following criteria been met:
B20: Using no more than 60,000m3 of waste
B21: Wastes to be used are listed within the SRP
B22: The facility is not on a landfill, whether historical, closed or operational | D22: Historic landfills are shown on 'MyMap' under 'Resource Management Terrestrial'. MyMap for permitting should show permitted (installations & waste) closed & operational landfills.
B23: The deposit is not into a water body or sub-water table
A24: WRP must include | B24: a. Evidence to support recovery of waste (must demonstrate one of the three options):
B25: 1. Financial gain or other worthwhile benefit by using non-waste materials | D25: Including costings of using non-waste
B26: 2. Funding to use non-waste materials | D26: Including costings of using non-waste
B27: 3. Specific or general obligation
B28: If demonstrating recovery through a specific or general obligation through planning (option 3), has a copy of the planning permission and conditions been supplied?
B29: Have plans & cross sections been supplied?
B30: b. Evidence the waste is serving a useful purpose (is suitable) | D30: This must include a list of the waste types and the function they are fulfilling.
B31: If waste is being used to improve soil quality (e.g. landspreading), has a benefit statement been provided. | D31: Improving soil quality is not the same as creating a soil profile, benefit statement is not required for creating a soil profile.
B32: c. Purpose of the work (why it's needed and how it will meet that need) | D32: N/A if there is a specific obligation
B33: d. Quantity of waste used (including plans and cross sections) | D33: N/A if there is a specific obligation
B34: e. Meeting quality standards (that it is fit for purpose and completed scheme will not result in environmental problems/harm) | D34: N/A if there is a specific obligation
A35: Additional information that must be supplied for a bespoke (separate to the WRP):
A36: Wastes acceptance procedures | B36: Does the WRP include waste acceptance procedures?
B37: The waste acceptance procedures must set out:
B38: Evidence needed from producer
B39: Measures to make sure waste is not contaminated
B40: Waste acceptance criteria e.g. inert waste testing
B41: Details of testing requirements by the producer and receiving site (if needed) | D41: Refer to gov.uk guidance to confirm testing requirements- link above in guidance section
A42: Conceptual site model (CSM) | B42: Does the WRP include a CSM? | D42: The CSM should determine what risk assessments are required
B43: The CSM must include:
B44: Drawing of site in relation to surrounding features
B45: Sources of pollution (from historical and proposed new activities)
B46: Pathways (geology, hydrogeology, groundwater, surface water, etc)
B47: Receptors (including a drawing showing all relevant receptors)
A48: Hydrogeological risk assessments (HRA) | B48: Qualitative HRA; OR
B49: Quantitative HRA. | D49: Required if in a sensitive location i.e. on a principal aquifer / secondary A aquifer; below the water table; SPZ 2 & 3; or in an area where groundwater provides a direct pathway to other sensitive receptors e.g. habitat sites. We would be unlikely to grant an environmental permit for a DfR site in a SPZ 1
B50: Check the HRA includes all sections required by the guidance | D50: see link above
B51: Site setting and CSM (or reference to the CSM)
B52: Justification of the level of assessment / modelling approach
B53: Review of the following, where applicable: - natural geology - geological barrier - attenuation layer - surface water management system
A54: Stability risk assessment | B54: Does the WRP include a Stability risk assessment (where relevant)? | D54: see link above
A55: Amenity risk assessment | B55: Does the WRP include an Amenity risk assessment? | D55: See 'Risk Assessment' tab
A56: Environmental setting and site design (ESSD) report | B56: Does the WRP include a ESSD?
B57: The ESSD must include:
B58: Site details e.g. location, site context
B59: Compliance points (where relevant) e.g. groundwater, surface water discharges
B60: Pollution control measures e.g. attenuation layer (if sensitive location), drainage ditches, etc
B61: Monitoring where required e.g. gas monitoring if identified by risk assessment (where waste is deposited more than 2m below ground surface)
B62: Percentage of required information missing | C62: =(100*(COUNTIF(C14:C61,"No"))/((COUNTIF(C14:C61,"Yes"))+(COUNTIF(C14:C61,"No")))) -> #DIV/0! | D62: Where over 25% of responses are no, the document is regarded as incomplete
